AoeStats
← zamithdaniel

Hill Fort

505764934Analyzed
3v3 RM · 23d ago on Sep 11, 2026· 105m 39s· 6 players
Game mode
Random Map
Map size
Normal (6 player)
Population
200
Speed
Normal
Resources
Standard
Victory
Conquest
Starting age
Dark Age
Ending age
Imperial Age
RankedLock teamsTeams togetherTeam positionsShared explorationLock speedFull tech treeHidden civsTurbo modeCheats
Victory
Defeat
🇩🇪 Malay · Germany
889
+12
840
+14
🇨🇳 Inca · China
798
+16
🇨🇴 Japanese · Colombia
825
-15
🇨🇴 Turks · Colombia
818
-15
🇨🇴 Vietnamese · Colombia
746
-12
zamithdaniel
5:37 Loom
10:10 Feudal Age
11:25 Double-Bit Axe
11:33 Horse Collar
20:01 Castle Age
18:09 Stone Mining
18:12 Gold Mining
22:15 Bow Saw
22:58 Heavy Plow
25:26 Fletching
27:04 Bodkin Arrow
30:02 Imperial Age
28:25 Forging
41:29 Fishing Lines
57:41 Bloodlines
57:33 Husbandry
58:50 Scale Barding Armor
59:21 Iron Casting
61:51 Chain Barding Armor
62:32 Blast Furnace
64:08 Wheelbarrow
68:40 Plate Barding Armor
86:41 Padded Archer Armor
Griffith
11:00 Feudal Age
22:09 Castle Age
28:29 Elite Skirmisher
33:29 Padded Archer Armor
33:20 Fletching
34:58 Wheelbarrow
34:50 Leather Archer Armor
36:19 Hand Cart
36:46 Fishing Lines
41:54 Imperial Age
39:36 Gillnets
41:11 Bodkin Arrow
41:32 Thumb Ring
41:57 Imperial Skirmisher
44:02 Ring Archer Armor
43:32 Bracer
46:04 Chemistry
45:24 Ballistics
59:48 Elite Rattan Archer
104:04 Capped Ram
Dovahkyn
7:34 Loom
10:27 Feudal Age
19:12 Double-Bit Axe
22:12 Castle Age
21:36 Double-Bit Axe
21:36 Fishing Lines
21:52 Gold Mining
24:14 Forging
25:40 Scale Mail Armor
26:47 Gillnets
28:29 Stone Mining
30:00 Iron Casting
33:15 Chain Mail Armor
38:02 Imperial Age
36:26 Bow Saw
37:22 Gold Shaft Mining
36:57 Scale Barding Armor
37:37 Horse Collar
39:09 Conscription
38:10 Elite Samurai
39:14 Kataparuto
41:36 Hoardings
42:04 Blast Furnace
41:34 Plate Mail Armor
43:33 Chain Barding Armor
43:52 Wheelbarrow
43:03 Town Watch
44:13 Onager
46:51 Chemistry
46:11 Ballistics
45:33 Treadmill Crane
46:00 Siege Engineers
59:11 Fletching
61:20 Caravan
61:50 Coinage
66:49 Squires
66:37 Gambesons
66:14 Man-at-Arms
67:49 Long Swordsman
68:38 Two-Handed Swordsman
72:32 Coinage
71:40 Champion
74:57 Arson
85:08 Hand Cart
91:31 Masonry
戏皇。
11:17 Feudal Age
13:55 Horse Collar
14:04 Double-Bit Axe
14:10 Gold Mining
15:28 Stone Mining
21:30 Castle Age
20:10 Champi Runner
21:59 Scale Mail Armor
22:11 Forging
23:13 Heavy Plow
23:25 Bow Saw
23:32 Champi Warrior
26:27 Bow Saw
26:54 Gold Shaft Mining
26:57 Stone Shaft Mining
29:10 Chain Mail Armor
29:32 Iron Casting
31:32 Squires
31:20 Arson
35:22 Imperial Age
35:28 Imperial Age
32:47 Loom
33:37 Wheelbarrow
32:47 Town Watch
32:53 Town Watch
35:30 Hand Cart
36:56 Conscription
36:22 Capped Ram
38:55 Elite Champi Warrior
39:59 Pikeman
41:58 Plate Mail Armor
42:02 Siege Ram
50:11 Elite Kamayuk
50:58 Fabric Shields
52:36 Blast Furnace
58:52 Thumb Ring
61:16 Crop Rotation
64:50 Andean Sling
68:25 Chemistry
67:47 Ballistics
67:08 Treadmill Crane
67:38 Masonry
67:34 Siege Engineers
73:05 Fletching
73:15 Padded Archer Armor
84:09 Bodkin Arrow
84:29 Leather Archer Armor
90:27 Murder Holes
90:38 Bracer
91:08 Ring Archer Armor
xSercho
7:23 Loom
9:58 Feudal Age
9:54 Double-Bit Axe
16:56 Horse Collar
18:26 Town Watch
21:32 Castle Age
19:57 Fletching
20:33 Crossbowman
21:15 Padded Archer Armor
21:46 Gold Mining
23:58 Bodkin Arrow
24:18 Leather Archer Armor
28:30 Ballistics
30:11 Murder Holes
33:40 Scale Barding Armor
33:46 Forging
38:37 Imperial Age
37:28 Squires
37:14 Arson
38:28 Wheelbarrow
37:53 Town Patrol
39:03 Bow Saw
40:37 Chemistry
40:08 Light Cavalry
40:49 Husbandry
41:00 Heavy Plow
42:24 Bracer
42:55 Ring Archer Armor
43:00 Iron Casting
43:20 Hand Cart
46:06 Crop Rotation
52:22 Man-at-Arms
56:02 Long Swordsman
58:16 Two-Handed Swordsman
58:19 Pikeman
60:04 Blast Furnace
67:18 Halberdier
86:48 Elite Skirmisher
99:21 Caravan
BİR PESİMİSTİN GÖZYAŞLARI
0:36 Loom
9:50 Feudal Age
10:25 Double-Bit Axe
11:32 Horse Collar
15:46 Gold Mining
15:53 Stone Mining
23:23 Castle Age
24:59 Bow Saw
25:00 Heavy Plow
28:00 Pikeman
28:40 Squires
28:26 Arson
36:08 Imperial Age
34:14 Wheelbarrow
33:24 Town Watch
33:35 Fletching
33:45 Padded Archer Armor
35:23 Leather Archer Armor
35:03 Bodkin Arrow
36:40 Scale Barding Armor
36:35 Scale Mail Armor
36:45 Forging
36:59 Bracer
37:32 Ring Archer Armor
37:10 Scale Barding Armor
37:06 Scale Mail Armor
37:40 Conscription
38:26 Crop Rotation
39:23 Chemistry
38:44 Ballistics
38:05 Treadmill Crane
38:45 Fortified Wall
40:14 Two-Man Saw
40:00 Stone Shaft Mining
39:20 Man-at-Arms
40:54 Caravan
40:33 Elite Genoese Crossbowman
41:28 Light Cavalry
42:21 Bloodlines
42:12 Husbandry
41:53 Capped Ram
46:23 Pirotechnia
Connection lost

Rejoining the realm…

Still unreachable

The connection could not be restored.

Session expired

The server has moved on; the page needs a fresh start.